 Dungeon Crawl Stone Soup version 0.30.1-11-g7821555f0a (webtiles) character file.

Game seed: 7360346805178792547

73 Peloso the Trooper (level 4, -2/40 HPs)
             Began as a Minotaur Fighter on Jan 13, 2024.
             Slain by Grinder (3 damage)
             ... on level 3 of the Dungeon.
             The game lasted 00:02:45 (1919 turns).

Peloso the Trooper (Minotaur Fighter)               Turns: 1919, Time: 00:02:45

Health: -2/40      AC:  9    Str: 19 (20) XL:     4   Next: 8%
Magic:  3/3        EV:  9    Int:  4 (5)  God:
Gold:   60         SH:  9    Dex:  9 (12) Spells: 3/3 levels left

rFire   . . .        a - +0 long sword
rCold   . . .        d - +0 buckler
rNeg    . . .        b - +0 scale mail
rPois   .            (helmet restricted)
rElec   .            c - +0 cloak
rCorr   .            (no gloves)
SInv    .            m - +0 pair of boots
Will    .....        l - amulet of reflection Stlth
                     (no ring)
HPRegen 0.26/turn    (no ring)
MPRegen 0.08/turn

%: reflection
@: mighty
A: horns 2, retaliatory headbutt
a: no special abilities


You were on level 3 of the Dungeon.
You visited 1 branch of the dungeon, and saw 3 of its levels.

You collected 60 gold pieces.

Inventory:

Hand Weapons
 a - a +0 long sword (weapon)
Armour
 b - a +0 scale mail (worn)
 c - a +0 cloak (worn)
 d - a +0 buckler (worn)
 m - a +0 pair of boots (worn)
Jewellery
 l - an amulet of reflection (around neck)
Scrolls
 e - 2 scrolls of fear {unknown}
 g - 3 scrolls of magic mapping {unknown}
 h - a scroll of enchant armour {unknown}
 i - a scroll of amnesia {unknown}
 k - 2 scrolls of identify {unknown}
 o - a scroll of teleportation {unknown}
Potions
 f - a potion of might
 n - a potion of brilliance


   Skills:
 + Level 4.2 Fighting
 + Level 3.7 Long Blades
 + Level 4.1 Armour
 + Level 1.1 Dodging
 + Level 0.1 Stealth
 + Level 4.0 Shields


You had 3 spell levels left.
You didn't know any spells.
Your spell library contained the following spells:

 Spells                   Type           Power      Damage    Failure   Level
 Hailstorm                Conj/Ice       0%         3d3       99%         3
 Summon Guardian Golem    Hex/Summ       0%         N/A       99%         3
 Ice Form                 Ice/Tmut       0%         N/A       100%        4
 Simulacrum               Ice/Necr       0%         N/A       100%        6
 Orb of Destruction       Conj           0%         9d5       100%        7
 Spellforged Servitor     Conj/Summ      0%         N/A       100%        7


Dungeon Overview and Level Annotations

Branches:
Dungeon (3/15)

Altars:

Annotations:
D:3 Grinder


Innate Abilities, Weirdness & Mutations

You have a pair of horns on your head.
You reflexively headbutt those who attack you in melee.


Message History

The adder attacks as you move away! The adder barely misses you.
You furiously retaliate!
You headbutt the adder!
You kill the adder!
A quokka comes into view.
You have reached level 4!
You feel agile.
You slash the quokka!
You kill the quokka!
Grinder gestures at you.
You barely resist.
Unknown command.
Grinder hits you but does no damage.
You see here a quokka corpse.
Unknown command.
You hit Grinder.
Grinder is moderately wounded.
Grinder hits you but does no damage. x2
Unknown command.
You slash Grinder!
Grinder is heavily wounded.
Grinder hits you.
* * * LOW HITPOINT WARNING * * *
You writhe in agony.
* * * LOW HITPOINT WARNING * * *
You barely miss Grinder.
Grinder is heavily wounded.
Grinder hits you.
* * * LOW HITPOINT WARNING * * *
You slash Grinder!
Grinder is severely wounded.
You block Grinder's attack.
Unknown command.
You hit Grinder.
Grinder is almost dead.
Grinder hits you.
* * * LOW HITPOINT WARNING * * *
You writhe in agony.
* * * LOW HITPOINT WARNING * * *
Grinder hits you.
You die...

####..........####
.........?.......#
.................#
...#............#
..#..............
..................
....#..............
... ##........##..
.. #.....@..## .
#.####.5## ... #..#
.... ...# .. ...#
...## ...# ..#..


You could see Grinder.

Vanquished Creatures
  2 adders
  2 worms (D:2)
  A dart slug (D:1)
  8 ball pythons
  5 endoplasms
  A giant cockroach (D:1)
  2 hobgoblins (D:1)
  3 jackals (D:1)
  4 quokkas
  2 bats (D:2)
  3 frilled lizards
  7 kobolds
  3 rats (D:2)
43 creatures vanquished.

Notes
Turn   | Place    | Note
-------+----------+-------------------------------------------
     0 | D:1      | Peloso the Minotaur Fighter began the quest for the Orb.
     0 | D:1      | Reached XP level 1. HP: 19/19 MP: 0/0
   120 | D:1      | Reached XP level 2. HP: 24/27 MP: 1/1
   991 | D:2      | Reached XP level 3. HP: 33/33 MP: 2/2
  1274 | D:2      | Reached skill level 1 in Dodging
  1894 | D:3      | Noticed Grinder
  1906 | D:3      | Paralysed by Grinder for 5 turns
  1912 | D:3      | Reached XP level 4. HP: 15/40 MP: 3/3
  1919 | D:3      | HP: 1/40 [Grinder (3)]
  1919 | D:3      | Slain by Grinder

Illustrated notes

Levels and vault maps discovered:
D:1:      ebering_trefoil_3fold, layout_loops_corners
D:2:      layout_basic
D:3:      layout_rooms, zin_angel, uniq_grinder

Skill      XL: |  1  2  3 |
---------------+----------+-----
Fighting       | 4 |  4.2
Long Blades    | 3 |  3.7
Armour         | 4 |  4.1
Dodging        | 1 |  1.1
Shields        | 4 |  4.0
Stealth        | |  0.1

Action                     |  1- 3 |  4- 6 || total
---------------------------+-------+-------++-------
  Melee: Long sword        |    91 |     6 ||    97
         Headbutt          |    11 |       ||    11
    Use: Potion            |     6 |       ||     6
 Armour: Scale mail        |    45 |     3 ||    48
  Dodge: Dodged            |    46 |       ||    46
  Block: Buckler           |    29 |     1 ||    30
